NYP
CONNECTICUT TIGERS @ MAHONING VALLEY SCRAPPERS
05/07/2048
 
TOP OF THE 1ST
Connecticut Tigers batting - Pitching for Mahoning Valley Scrappers : RHP Josh Hughes
Pitching: RHP Josh Hughes
Batting: RHB Janne Vihko 0-0: Ball
1-0: Ground out 5-3 (Groundball, 56, EV 84.4 MPH)
Batting: RHB Khalil Coleman 0-0: Swinging Strike
0-1: Ball
1-1: Ball
2-1: Swinging Strike
2-2: Foul Ball, location: 2F
2-2: Strikes out looking
Batting: RHB Jaden Warrior 0-0: Ball
1-0: Called Strike
1-1: Called Strike
1-2: Foul Ball, location: 2F
1-2: Foul Ball, location: 2F
1-2: Ball
2-2: Foul Ball, location: 2F
2-2: Fly out, F4 (Popup, 13, EV 81.9 MPH)
Top of the 1st over - 0 runs, 0 hits, 0 errors, 0 left on base; Connecticut 0 - Mahoning Valley 0
BOTTOM OF THE 1ST
Mahoning Valley Scrappers batting - Pitching for Connecticut Tigers : LHP Randolph Main
Pitching: LHP Randolph Main
Batting: RHB Ricky Cordova 0-0: Foul Ball, location: 2F
0-1: Ball
1-1: Foul Ball, location: 2F
1-2: SINGLE (Groundball, 6, EV 110.0 MPH)
Batting: RHB Leo Candelas 0-0: Fly out, F4 (Popup, 34, EV 61.2 MPH)
Batting: RHB John Shaffer 0-0: Called Strike
Ricky Cordova steals 2nd base (no throw)
0-1: Foul Ball, location: 2F
0-2: Ball
1-2: Foul Ball, location: 2F
1-2: Fly out, F9 (Flyball, 9, EV 83.1 MPH)
Batting: RHB Kevin Wiles 0-0: Foul Ball, location: 2F
0-1: Ball
1-1: Called Strike
1-2: Foul Ball, location: 2F
1-2: Foul Ball, location: 2F
1-2: Ground out 4-3 (Groundball, 4, EV 81.2 MPH)
Bottom of the 1st over - 0 runs, 1 hit, 0 errors, 1 left on base; Connecticut 0 - Mahoning Valley 0
TOP OF THE 2ND
Connecticut Tigers batting - Pitching for Mahoning Valley Scrappers : RHP Josh Hughes
Batting: LHB Antonio Luis 0-0: Swinging Strike
0-1: Called Strike
0-2: Ball
1-2: Ball
2-2: Strikes out swinging
Batting: RHB Jeremiah Washington 0-0: Fly out, F8 (Flyball, 78M, EV 91.2 MPH)
Batting: RHB Juan Acero 0-0: Called Strike
0-1: Ball
1-1: Foul Ball, location: 2F
1-2: Ball
2-2: Ball
3-2: Strikes out swinging
Top of the 2nd over - 0 runs, 0 hits, 0 errors, 0 left on base; Connecticut 0 - Mahoning Valley 0
BOTTOM OF THE 2ND
Mahoning Valley Scrappers batting - Pitching for Connecticut Tigers : LHP Randolph Main
Batting: RHB Nick Gossman 0-0: Ball
1-0: Called Strike
1-1: Foul Ball, location: 2F
1-2: Ball
2-2: Foul Ball, location: 2F
2-2: Strikes out looking
Batting: RHB Jonathan Livingston 0-0: Ball
1-0: Ball
2-0: Ball
3-0: Called Strike
3-1: Base on Balls
Batting: RHB Justin Young 0-0: Ball
1-0: Ball
2-0: Called Strike
2-1: Called Strike
2-2: Ball
3-2: Base on Balls
Jonathan Livingston to second
Batting: RHB Leo Villa 0-0: Ball
1-0: Foul Ball, location: 2F
1-1: Foul Ball, location: 2F
1-2: Ball
2-2: SINGLE (Groundball, 6MD, EV 95.6 MPH)
Jonathan Livingston to third
Justin Young to second
Runner from 3rd tries for Home, SAFE, throw by CF to home
Batting: RHB Juan Ordonez 0-0: Hit by Pitch
Justin Young to third
Leo Villa to second
Batting: RHB Ricky Cordova 0-0: Swinging Strike
0-1: Grounds into double play, U4-3 (Groundball, 6MD, EV 106.2 MPH)
Bottom of the 2nd over - 1 run, 1 hit, 0 errors, 2 left on base; Connecticut 0 - Mahoning Valley 1
TOP OF THE 3RD
Connecticut Tigers batting - Pitching for Mahoning Valley Scrappers : RHP Josh Hughes
Batting: RHB Tony Nunez 0-0: Called Strike
0-1: Fly out, F9 (Flyball, 89S, EV 89.4 MPH)
Batting: RHB Yankel Pensak 0-0: Called Strike
0-1: Ball
1-1: Fly out, F7 (Flyball, 7D, EV 95.0 MPH)
Batting: SHB Ian Arlotta 0-0: Ball
1-0: Fly out, F7 (Flyball, 7, EV 93.8 MPH)
Top of the 3rd over - 0 runs, 0 hits, 0 errors, 0 left on base; Connecticut 0 - Mahoning Valley 1
BOTTOM OF THE 3RD
Mahoning Valley Scrappers batting - Pitching for Connecticut Tigers : LHP Randolph Main
Batting: RHB Leo Candelas 0-0: Swinging Strike
0-1: SOLO HOME RUN (Flyball, 7D, EV 97.5 MPH), Distance : 375 ft
Batting: RHB John Shaffer 0-0: Ball
1-0: Ball
2-0: Ball
3-0: Called Strike
3-1: Base on Balls
Batting: RHB Kevin Wiles 0-0: Ball
1-0: Foul Ball, location: 2F
1-1: Ball
2-1: Called Strike
2-2: Ball
3-2: Fly out, F9 (Flyball, 9S, EV 86.9 MPH)
Batting: RHB Nick Gossman 0-0: Swinging Strike
0-1: Ball
1-1: Swinging Strike
1-2: Ball
2-2: Strikes out swinging
Batting: RHB Jonathan Livingston 0-0: Fielders Choice at 2nd, U4 (Groundball, 4M, EV 94.4 MPH)
Bottom of the 3rd over - 1 run, 1 hit, 0 errors, 1 left on base; Connecticut 0 - Mahoning Valley 2
TOP OF THE 4TH
Connecticut Tigers batting - Pitching for Mahoning Valley Scrappers : RHP Josh Hughes
Batting: RHB Janne Vihko 0-0: Ball
1-0: Swinging Strike
1-1: Ball
2-1: Ball
3-1: Base on Balls
Batting: RHB Khalil Coleman 0-0: Ball
1-0: Ball
2-0: Ball
3-0: Called Strike
3-1: Swinging Strike
3-2: Strikes out swinging
Batting: RHB Jaden Warrior 0-0: Ball
1-0: SINGLE (Groundball, 56D, EV 100.6 MPH)
Janne Vihko to second
Batting: LHB Antonio Luis 0-0: Fielders Choice at 2nd, 3-6 (Groundball, 34, EV 107.5 MPH)
Janne Vihko to third
Batting: RHB Jeremiah Washington 0-0: Foul Ball, location: 2F
0-1: Fly out, F2 (Popup, 2RF, EV 91.9 MPH)
Top of the 4th over - 0 runs, 1 hit, 0 errors, 2 left on base; Connecticut 0 - Mahoning Valley 2
BOTTOM OF THE 4TH
Mahoning Valley Scrappers batting - Pitching for Connecticut Tigers : LHP Randolph Main
Batting: RHB Justin Young 0-0: Called Strike
0-1: Ball
1-1: Foul Ball, location: 2F
1-2: Strikes out swinging
Batting: RHB Leo Villa 0-0: Foul Ball, location: 2F
0-1: Called Strike
0-2: Ball
1-2: Strikes out swinging
Batting: RHB Juan Ordonez 0-0: Foul Ball, location: 2F
0-1: Ball
1-1: Ball
2-1: SINGLE (Groundball, 4MD, EV 99.4 MPH)
Batting: RHB Ricky Cordova 0-0: Ball
1-0: Ball
Juan Ordonez steals 2nd base (no throw)
2-0: Called Strike
2-1: Fly out, F9 (Flyball, 89D, EV 78.8 MPH)
Bottom of the 4th over - 0 runs, 1 hit, 0 errors, 1 left on base; Connecticut 0 - Mahoning Valley 2
TOP OF THE 5TH
Connecticut Tigers batting - Pitching for Mahoning Valley Scrappers : RHP Josh Hughes
Batting: RHB Juan Acero 0-0: Ball
1-0: Ball
2-0: Foul Ball, location: 2F
2-1: Called Strike
2-2: Foul Ball, location: 2F
2-2: Strikes out looking
Batting: RHB Tony Nunez 0-0: Reached on error, E6 (Groundball, 6, EV 86.9 MPH)
Batting: RHB Yankel Pensak 0-0: Grounds into double play, 5-4-3 (Groundball, 56S, EV 92.5 MPH)
Top of the 5th over - 0 runs, 0 hits, 1 error, 0 left on base; Connecticut 0 - Mahoning Valley 2
BOTTOM OF THE 5TH
Mahoning Valley Scrappers batting - Pitching for Connecticut Tigers : LHP Randolph Main
Batting: RHB Leo Candelas 0-0: Foul Ball, location: 2F
0-1: Ball
1-1: Ball
2-1: Foul Ball, location: 2F
2-2: Ball
3-2: Ground out 4-3 (Groundball, 4MS, EV 87.5 MPH)
Batting: RHB John Shaffer 0-0: Ball
1-0: Ball
2-0: Ball
3-0: Base on Balls
Batting: RHB Kevin Wiles 0-0: Fly out, F8 (Flyball, 8RXD, EV 95.0 MPH)
Batting: RHB Nick Gossman 0-0: Ball
1-0: Ball
2-0: Foul Ball, location: 2F
2-1: Fly out, F8 (Flyball, 8LXD, EV 103.8 MPH)
Bottom of the 5th over - 0 runs, 0 hits, 0 errors, 1 left on base; Connecticut 0 - Mahoning Valley 2
TOP OF THE 6TH
Connecticut Tigers batting - Pitching for Mahoning Valley Scrappers : RHP Josh Hughes
Batting: SHB Ian Arlotta 0-0: Ground out 3-1 (Groundball, 34S, EV 76.2 MPH)
Batting: RHB Janne Vihko 0-0: Swinging Strike
0-1: Fly out, F8 (Flyball, 8LD, EV 78.1 MPH)
Batting: RHB Khalil Coleman 0-0: Ground out 5-3 (Groundball, 56D, EV 107.5 MPH)
Top of the 6th over - 0 runs, 0 hits, 0 errors, 0 left on base; Connecticut 0 - Mahoning Valley 2
BOTTOM OF THE 6TH
Mahoning Valley Scrappers batting - Pitching for Connecticut Tigers : LHP Randolph Main
Batting: RHB Jonathan Livingston 0-0: Ball
1-0: Called Strike
1-1: Ground out 1-3 (Groundball, 13S, EV 75.0 MPH)
Batting: RHB Justin Young 0-0: Ball
1-0: Called Strike
1-1: SINGLE (Line Drive, 8RS, EV 106.9 MPH)
Batting: RHB Leo Villa Pickoff Throw to First - Out! 1-3
0-0: Ball
1-0: Ball
2-0: Swinging Strike
2-1: SINGLE (Groundball, 56D, EV 96.9 MPH)
Batting: RHB Juan Ordonez 0-0: Foul Ball, location: 2F
0-1: Ball
1-1: Ball
2-1: SINGLE (Line Drive, 5D, EV 98.8 MPH)
Leo Villa to second
Batting: RHB Ricky Cordova 0-0: Ball
1-0: SINGLE (Line Drive, 6MD, EV 94.4 MPH)
Leo Villa to third
Juan Ordonez to second
Batting: RHB Leo Candelas 0-0: Swinging Strike
0-1: Foul Ball, location: 2F
0-2: Ball
1-2: Ball
2-2: Foul Ball, location: 2F
2-2: Foul Ball, location: 2F
2-2: Foul Ball, location: 2F
2-2: Foul Ball, location: 2F
2-2: Fielders Choice at 2nd, 6-4 (Groundball, 6, EV 105.6 MPH)
Bottom of the 6th over - 0 runs, 4 hits, 0 errors, 3 left on base; Connecticut 0 - Mahoning Valley 2
TOP OF THE 7TH
Connecticut Tigers batting - Pitching for Mahoning Valley Scrappers : RHP Josh Hughes
Now in RF: Jaquan Brown
Batting: RHB Jaden Warrior 0-0: SINGLE (Line Drive, 4MD, EV 101.9 MPH)
Batting: LHB Antonio Luis 0-0: SINGLE (Groundball, 4D, EV 94.4 MPH)
Jaden Warrior to second
Runner from 2nd tries for 3rd, SAFE, throw by RF made to third
Batting: RHB Jeremiah Washington 0-0: Called Strike
0-1: Ball
1-1: Ground out 4-3 (Groundball, 34, EV 85.6 MPH)
Jaden Warrior scores
Antonio Luis to second
Batting: RHB Juan Acero 0-0: Called Strike
0-1: Foul Ball, location: 2F
0-2: Strikes out swinging
Batting: RHB Tony Nunez 0-0: Ball
1-0: TRIPLE (Flyball, 89XD, EV 96.9 MPH)
Antonio Luis scores
Batting: RHB Yankel Pensak 0-0: Called Strike
0-1: SINGLE (Groundball, 4MD, EV 94.4 MPH)
Tony Nunez scores
Batting: SHB Ian Arlotta 0-0: Ball
1-0: Ball
2-0: Ball
3-0: Called Strike
3-1: Foul Ball, location: 2F
3-2: Fly out, F8 (Flyball, 8RD, EV 95.0 MPH)
Top of the 7th over - 3 runs, 4 hits, 0 errors, 1 left on base; Connecticut 3 - Mahoning Valley 2
BOTTOM OF THE 7TH
Mahoning Valley Scrappers batting - Pitching for Connecticut Tigers : LHP Randolph Main
Pitching: RHP Juan Murillo
Now at 1B: Tony Nunez
Now in LF: Kaleb Yerger
Now in RF: Antonio Luis
Batting: RHB John Shaffer 0-0: Called Strike
0-1: Ground out 6-3 (Groundball, 6S, EV 80.6 MPH)
Batting: RHB Kevin Wiles 0-0: Called Strike
0-1: Hit by Pitch
Batting: LHB Matt Steinke 0-0: Called Strike
0-1: Ball
1-1: Called Strike
1-2: Ball
2-2: Ball
3-2: Foul Ball, location: 2F
3-2: Foul Ball, location: 2F
3-2: Grounds into double play, 5-4-3 (Groundball, 56, EV 105.6 MPH)
Bottom of the 7th over - 0 runs, 0 hits, 0 errors, 0 left on base; Connecticut 3 - Mahoning Valley 2
TOP OF THE 8TH
Connecticut Tigers batting - Pitching for Mahoning Valley Scrappers : RHP Josh Hughes
Batting: RHB Janne Vihko 0-0: Called Strike
0-1: Swinging Strike
0-2: Foul Ball, location: 2F
0-2: SINGLE (Groundball, 6MD, EV 98.1 MPH)
Batting: RHB Khalil Coleman 0-0: Called Strike
0-1: Swinging Strike
0-2: Strikes out swinging
Batting: RHB Kaleb Yerger 0-0: Hit by Pitch
Janne Vihko to second
Batting: LHB Antonio Luis 0-0: Ball
1-0: SINGLE (Groundball, 6MD, EV 94.4 MPH)
Janne Vihko to third
Kaleb Yerger to second
Runner from 3rd tries for Home, SAFE, throw by CF to home
Batting: RHB Jeremiah Washington 0-0: Called Strike
0-1: SINGLE (Groundball, 4D, EV 95.0 MPH)
Kaleb Yerger to third
Antonio Luis to second
Runner from 3rd tries for Home, SAFE, throw by CF to home
Pitching: RHP Jaime Salazar
Batting: RHB Juan Acero 0-0: Called Strike
0-1: Called Strike
0-2: Ball
1-2: Foul Ball, location: 2F
1-2: Strikes out swinging
Batting: RHB Tony Nunez 0-0: Ball
1-0: Called Strike
1-1: Foul Ball, location: 2F
1-2: Ball
2-2: Strikes out swinging
Top of the 8th over - 2 runs, 3 hits, 0 errors, 2 left on base; Connecticut 5 - Mahoning Valley 2
BOTTOM OF THE 8TH
Mahoning Valley Scrappers batting - Pitching for Connecticut Tigers : RHP Juan Murillo
Batting: RHB Jonathan Livingston 0-0: Ball
1-0: Called Strike
1-1: Called Strike
1-2: Ball
2-2: Ball
3-2: Strikes out looking
Batting: RHB Justin Young 0-0: Called Strike
0-1: Ball
1-1: Ball
2-1: Foul Ball, location: 2F
2-2: Foul Ball, location: 2F
2-2: Strikes out swinging
Batting: RHB Jaquan Brown 0-0: Ball
1-0: Called Strike
1-1: Fly out, F4 (Popup, 34, EV 68.1 MPH)
Bottom of the 8th over - 0 runs, 0 hits, 0 errors, 0 left on base; Connecticut 5 - Mahoning Valley 2
TOP OF THE 9TH
Connecticut Tigers batting - Pitching for Mahoning Valley Scrappers : RHP Jaime Salazar
Batting: RHB Yankel Pensak 0-0: Called Strike
0-1: Foul Ball, location: 2F
0-2: Strikes out swinging, 2-3 out at first.
Batting: SHB Ian Arlotta 0-0: Called Strike
0-1: Ball
1-1: Ball
2-1: Foul Ball, location: 2F
2-2: Ball
3-2: Base on Balls
Batting: RHB Janne Vihko 0-0: Called Strike
0-1: Ball
1-1: SINGLE (Groundball, 25, EV 66.2 MPH) (infield hit)
Ian Arlotta to second
Batting: RHB Khalil Coleman 0-0: Ball
1-0: Ball
2-0: SINGLE (Line Drive, 56D, EV 95.0 MPH)
Ian Arlotta to third
Janne Vihko to second
Batting: RHB Kaleb Yerger 0-0: Called Strike
0-1: Foul Ball, location: 2F
0-2: Foul Ball, location: 2F
0-2: Strikes out looking
Batting: LHB Antonio Luis 0-0: Called Strike
0-1: Fly out, F8 (Flyball, 8RS, EV 85.0 MPH)
Top of the 9th over - 0 runs, 2 hits, 0 errors, 3 left on base; Connecticut 5 - Mahoning Valley 2
BOTTOM OF THE 9TH
Mahoning Valley Scrappers batting - Pitching for Connecticut Tigers : RHP Juan Murillo
Pinch Hitting: RHB Michael Powell 0-0: Fly out, F9 (Flyball, 9LS, EV 76.9 MPH)
Batting: RHB Ricky Cordova 0-0: Ground out 6-3 (Groundball, 6, EV 81.9 MPH)
Batting: RHB Leo Candelas 0-0: Ball
1-0: Called Strike
1-1: Ball
2-1: Ball
3-1: Base on Balls
Batting: RHB John Shaffer 0-0: Swinging Strike
0-1: DOUBLE (Line Drive, 89XD, EV 105.0 MPH)
Leo Candelas to third
Batting: RHB Kevin Wiles 0-0: Called Strike
0-1: Ball
1-1: Ball
2-1: Ball
3-1: Called Strike
3-2: 3-RUN HOME RUN (Flyball, 78XD, EV 105.6 MPH), Distance : 416 ft
Pitching: RHP Larry Mathieu
Batting: LHB Matt Steinke 0-0: Ball
1-0: Ball
2-0: Ball
3-0: Base on Balls
Batting: RHB Jonathan Livingston 0-0: Ball
1-0: Called Strike
Matt Steinke steals 2nd base
1-1: Swinging Strike
1-2: Strikes out swinging
Bottom of the 9th over - 3 runs, 2 hits, 0 errors, 1 left on base; Connecticut 5 - Mahoning Valley 5
TOP OF THE 10TH
Connecticut Tigers batting - Pitching for Mahoning Valley Scrappers : RHP Jaime Salazar
Pitching: RHP Danny Roe
Now in LF: Jesus Montana
Now in CF: Jonathan Livingston
Batting: RHB Jeremiah Washington 0-0: Called Strike
0-1: Ball
1-1: Foul Ball, location: 2F
1-2: Ball
2-2: SINGLE (Groundball, 25, EV 65.6 MPH) (infield hit)
Batting: RHB Juan Acero 0-0: Called Strike
0-1: Called Strike
0-2: Ball
1-2: Strikes out looking
Batting: RHB Tony Nunez 0-0: Ball
1-0: Called Strike
1-1: Ball
2-1: Ball
3-1: Foul Ball, location: 2F
3-2: Foul Ball, location: 2F
3-2: Base on Balls
Jeremiah Washington to second
Pinch Hitting: LHB Afanasy Zasekin 0-0: Ball
1-0: Called Strike
1-1: Ball
2-1: Foul Ball, location: 2F
2-2: Ball
3-2: Strikes out looking
Batting: SHB Ian Arlotta 0-0: Ball
1-0: Ball
2-0: Called Strike
2-1: SINGLE (Groundball, 25, EV 65.6 MPH) (infield hit)
Jeremiah Washington to third
Tony Nunez to second
Batting: RHB Janne Vihko 0-0: Ball
1-0: Ball
2-0: Called Strike
2-1: Ground out 4-3 (Groundball, 4, EV 83.1 MPH)
Top of the 10th over - 0 runs, 2 hits, 0 errors, 3 left on base; Connecticut 5 - Mahoning Valley 5
BOTTOM OF THE 10TH
Mahoning Valley Scrappers batting - Pitching for Connecticut Tigers : RHP Larry Mathieu
Now at 3B: Antonio Luis
Now in RF: Afanasy Zasekin
Batting: RHB Justin Young 0-0: Ball
1-0: SINGLE (Groundball, 6S, EV 68.8 MPH) (infield hit)
Batting: RHB Jaquan Brown 0-0: Reached on error, E1 (Groundball, P, EV 43.8 MPH)
Justin Young to third
Batting: RHB Jesus Montana 0-0: Ball
1-0: Foul Ball, location: 2F
1-1: Called Strike
1-2: Ball
2-2: Ball
3-2: Strikes out looking
Batting: RHB Ricky Cordova 0-0: SINGLE (Groundball, 56, EV 97.5 MPH)
Justin Young scores
Bottom of the 10th over - 1 run, 2 hits, 1 error, 2 left on base; Connecticut 5 - Mahoning Valley 6
Tuesday, March 28th , 2023 - OOTP Baseball 23.10 Build 110